 Dungeon Crawl Stone Soup version 0.25-a0-36-g303dd5b1f4 (webtiles) character file.

Game seed: 8914462075591849484, levelgen mode: deterministic

12 Gumption the Grave Robber (level 2, -6/19 HPs)
             Began as a Human Necromancer on Oct 20, 2019.
             Mangled by an ogre
             ... wielding a +0 giant club
              (8 damage)
             ... on level 4 of the Dungeon.
             The game lasted 00:09:46 (920 turns).

Gumption the Grave Robber (Human Necromancer)        Turns: 920, Time: 00:09:46

Health: -6/19      AC:  3    Str:  8    XL:     2   Next: 45%
Magic:  3/5        EV: 12    Int: 15    God:
Gold:   52         SH:  0    Dex: 13    Spells: 3/5 levels left

rFire    . . .     SeeInvis .   a - +2 dagger (venom)
rCold    . . .     Gourm    .   (no shield)
rNeg     . . .     Faith    .   i - +0 leather armour
rPois    .         Spirit   .   (no helmet)
rElec    .         Reflect  .   (no cloak)
rCorr    .         Harm     .   (no gloves)
MR       .....                  (no boots)
Stlth    ++........             (no amulet)
HPRegen  0.06/turn              (no ring)
MPRegen  0.09/turn              (no ring)

@: no status effects
A: no striking features
a: no special abilities


You were on level 4 of the Dungeon.
You were not hungry.

You visited 1 branch of the dungeon, and saw 3 of its levels.

You collected 52 gold pieces.

Inventory:

Hand Weapons
 a - a +2 dagger of venom (weapon)
 b - a +0 hunting sling
Missiles
 c - 36 stones (quivered)
Armour
 i - a +0 leather armour (worn)
Jewellery
 g - an uncursed amulet of harm {unknown}
Scrolls
 f - 2 scrolls of remove curse {unknown}
 h - 3 scrolls of fear {unknown}
 j - a scroll of enchant armour {unknown}
Potions
 k - a potion of agility {unknown}
 l - a potion of haste {unknown}
Comestibles
 d - 2 chunks of flesh
 e - 3 rations


   Skills:
 + Level 2.2 Dodging
 + Level 2.2 Stealth
 + Level 2.1 Spellcasting
 * Level 4.2 Necromancy


You had 3 spell levels left.
You knew the following spells:

 Your Spells              Type           Power        Failure   Level  Hunger
a - Pain                  Necr           ##..         5%          1    #......
b - Animate Skeleton      Necr           N/A          5%          1    #......

Your spell library contained the following spells:

 Spells                   Type           Power        Failure   Level  Hunger
 Vampiric Draining        Necr           ##........   17%         3    ###....
 Regeneration             Chrm/Necr      #.........   38%         3    ###....
 Animate Dead             Necr           N/A          50%         4    #####..


Dungeon Overview and Level Annotations

Branches:
Dungeon (2/15)

Altars:


Message History

Confirm with . or Enter, or press ? or * to list all spells.
Aiming: Pain (safe; 5% risk of failure)
Press: ? - help, Shift-Dir - straight line, f/p - ogre
Aim: an ogre, wielding a +0 giant club (lightly wounded, chance to defeat MR: 72%)
The ogre writhes in agony.
You hit the ogre.
The ogre is poisoned.
The ogre is moderately wounded.
The ogre barely misses you. The ogre closely misses you.
The ogre hits you with a +0 giant club!
Ouch! That really hurt!
* * * LOW HITPOINT WARNING * * *
Casting: Pain (safe; 5% risk of failure)
Confirm with . or Enter, or press ? or * to list all spells.
Aiming: Pain (safe; 5% risk of failure)
Press: ? - help, Shift-Dir - straight line, f/p - ogre
Aim: an ogre, wielding a +0 giant club (almost dead, poisoned, chance to defeat MR: 72%)
The ogre writhes in agony.
The ogre hits you with a +0 giant club!
You die...

########
#####.......
#####...........
..........#
.##.#.#.#.# ...
#.#.## #.###.#..#
##.....#@.#
#......O..#
#.........#####
#...............
#..............####
##.#.......#.#.#
#.......#.#.#
#.......#.#.#
#########.# #


You could see an ogre.

Vanquished Creatures
  An ooze (D:1)
  A hobgoblin (D:1)
  A quokka (D:2)
  A bat (D:1)
  A frilled lizard (D:1)
  2 kobolds (D:1)
  4 rats
11 creatures vanquished.

Notes
Turn   | Place    | Note
-------+----------+-------------------------------------------
     0 | D:1      | Gumption the Human Necromancer began the quest for the Orb.
     0 | D:1      | Reached XP level 1. HP: 13/13 MP: 3/3
     3 | D:1      | Learned a level 1 spell: Animate Skeleton
   485 | D:1      | Reached XP level 2. HP: 7/19 MP: 0/5
   807 | D:1      | You fall into a shaft and drop 1 floor!
   900 | D:2      | You fall into a shaft and drop 2 floors!
   900 | D:4      | Noticed an ogre
   920 | D:4      | Mangled by an ogre

Levels and vault maps discovered:
D:1:      co_arrival_random_square_maze, layout_basic, minmay_hexomino_p4
D:2:      layout_basic, chequers_ecumenical_altar_simple
D:4:      layout_loops_ring, minmay_temple_entry_wispy

Action                   || total
-------------------------++-------
Melee: Dagger            ||    15
Throw: Stone             ||     6
 Cast: Pain              ||    14
       Animate Skeleton  ||     4
 Stab: Sleeping          ||     1
Armor: Robe              ||     1
       Leather armour    ||     1
Dodge: Dodged            ||     8

Table legend:
 A = Non-vault XP
 B = Vault XP
 C = Vault XP percentage of total XP
 D = Non-vault monster count
 E = Vault monster count
 F = Vault count percentage of total count
                 A         B        C        D         E       F
            +---------+---------+-------+---------+---------+-------
      Total |      10 |       8 |  44.4 |       8 |       3 |  27.3
            +---------+---------+-------+---------+---------+-------
        D:1 |       7 |       8 |  53.3 |       6 |       3 |  33.3
        D:2 |       3 |       0 |   0.0 |       2 |       0 |   0.0
            +---------+---------+-------+---------+---------+-------
